 Dungeon Crawl Stone Soup version 0.30.0-19-g36f170ea60 (webtiles) character file.

Game seed: 15496436271921330749

29 monsoonserge the Insei (level 3, -2/23 HPs)
             Began as an Octopode Transmuter on May 29, 2023.
             Slain by Terence
             ... wielding a +0 flail of protection
              (9 damage)
             ... on level 2 of the Dungeon.
             The game lasted 00:02:34 (888 turns).

monsoonserge the Insei (Octopode Transmuter)         Turns: 888, Time: 00:02:34

Health: -2/23      AC:  1    Str:  9    XL:     3   Next: 16%
Magic:  5/6        EV: 13    Int: 17    God:
Gold:   67         SH:  0    Dex: 12    Spells: 3/7 levels left

rFire   . .          .
                       - Unarmed
rCold   . . .        (no shield)
rNeg    . . .        f - melded +1 hat
rPois   .            (no amulet)
rElec   .            (no ring)
rCorr   .            (no ring)
SInv    .            (no ring)
Will    .....        (no ring)
Stlth   ++           (no ring)
HPRegen 0.23/turn    (no ring)
MPRegen 0.10/turn    (no ring)
                     (no ring)

%: no passive effects
@: appendages
A: tentacle spike 3, almost no armour, amphibious, 8 rings, camouflage 1,
gelatinous body 1, (nimble swimmer 1), tentacles
a: End Transformation


You were on level 2 of the Dungeon.
One of your tentacles had grown a beastly spike.
You visited 1 branch of the dungeon, and saw 2 of its levels.

You collected 67 gold pieces.

Inventory:

Missiles
 k - 5 stones (quivered)
Armour
 f - a +1 hat (melded)
Scrolls
 b - a scroll of identify {unknown}
 c - a scroll of amnesia {unknown}
 g - a scroll of enchant armour {unknown}
 j - a scroll of summoning {unknown}
Potions
 a - 4 potions of lignification
 d - 2 potions of brilliance {unknown}
 e - a potion of might {unknown}
 h - a potion of curing {unknown}
 i - a potion of attraction {unknown}
 l - a potion of berserk rage {unknown}
 m - a potion of cancellation {unknown}


   Skills:
 + Level 1.0 Fighting
 + Level 2.2 Dodging
 + Level 0.4 Stealth
 + Level 3.4 Unarmed Combat
 + Level 2.5 Spellcasting
 * Level 2.2 Transmutations


You had 3 spell levels left.
You knew the following spells:

 Your Spells              Type           Power      Damage    Failure   Level
a - Beastly Appendage     Tmut           18%        N/A       8%          1
b - Spider Form           Tmut/Pois      5%         N/A       34%         3

Your spell library contained the following spells:

 Spells                   Type           Power      Damage    Failure   Level
 Wereblood                Tmut           9%         N/A       12%         2
 Freeze                   Ice            8%         1d3       19%         1
 Shock                    Conj/Air       8%         1d3       19%         1
 Frozen Ramparts          Ice            4%         1d1       50%         3
 Hailstorm                Conj/Ice       2%         3d3       50%         3
 Swiftness                Air            2%         N/A       50%         3
 Vhi's Electric Charge    Tloc/Air       4%         N/A       50%         3
 Ice Form                 Ice/Tmut       5%         N/A       75%         4
 Airstrike                Air            1%         2d(1-17)  88%         4
 Arcjolt                  Conj/Air       1%         1d11      99%         5
 Plasma Beam              Fire/Air       1%         2x1d12    100%        6


Dungeon Overview and Level Annotations

Branches:
Dungeon (2/15)

Altars:

Shops:
D:1 (

Annotations:
D:2 Terence


Innate Abilities, Weirdness & Mutations

One of your tentacles has grown a beastly spike.
You cannot wear most types of armour.
You are amphibious.
You can wear up to eight rings at the same time.
Your skin changes colour to match your surroundings (Stealth+).
Your rubbery body absorbs attacks. (AC +1, EV +1)
((You are camouflaged when in or above water. (Stealth+)))
You have tentacles for arms and can constrict up to eight enemies at once.


Message History

Your transformation is almost over.
Magic restored.
You start resting.
Your tentacle spike disappears.
Your +1 hat unmelds from your body.
HP restored.
Terence the Incautious comes into view.
He is wielding a +0 flail of protection.
Found a chain mail.
Terence shouts!
You see here a clear potion.
m - a clear potion
Casting: Beastly Appendage (safe; 8% risk of failure)
Confirm with . or Enter, or press ? or * to list all spells.
One of your tentacles grows a vicious spike.
Your +1 hat melds into your body.
You closely miss Terence. You grab Terence.
You tentacle-slap Terence, but do no damage.
You constrict Terence, but do no damage.
Terence completely misses you.
You tentacle-slap Terence but do no damage.
You pierce Terence.
You squeeze Terence, but do no damage.
Terence is lightly wounded.
You constrict Terence, but do no damage.
Terence shouts, "DIE!!!"
Terence hits you with a +0 flail of protection!
You tentacle-slap Terence.
Terence is moderately wounded.
You constrict Terence, but do no damage.
Terence barely misses you.
You tentacle-slap Terence but do no damage.
Terence is moderately wounded.
You constrict Terence.
Terence hits you with a +0 flail of protection!
* * * LOW HITPOINT WARNING * * *
Unknown command.
You tentacle-slap Terence.
Terence is heavily wounded.
You constrict Terence, but do no damage.
Terence hits you with a +0 flail of protection!
You die...

.#....#.##
##.#.....#
##.#.####
####.#..#
##### ####.#
####.#..#
##.#.....#
##......#.#
#......##.#
##......#.#
#..@@...#.#
#......#[#.#
##..####.#.#
#..# ...#
### ###


You could see Terence.

Vanquished Creatures
  2 endoplasms
  3 giant cockroaches
  A goblin (D:2)
  3 hobgoblins
  4 kobolds (D:1)
  2 quokkas
  6 ball pythons
  A bat (D:1)
  3 rats
25 creatures vanquished.

Notes
Turn   | Place    | Note
-------+----------+-------------------------------------------
     0 | D:1      | monsoonserge the Octopode Transmuter began the quest for
                  | the Orb.
     0 | D:1      | Reached XP level 1. HP: 13/13 MP: 3/3
    40 | D:1      | Found Fiymoivvo's Weapon Shoppe.
    65 | D:1      | Reached XP level 2. HP: 18/18 MP: 3/5
   780 | D:2      | Reached XP level 3. HP: 23/23 MP: 4/6
   803 | D:2      | Learned a level 3 spell: Spider Form
   878 | D:2      | Noticed Terence
   888 | D:2      | Slain by Terence

Illustrated notes

Levels and vault maps discovered:
D:1:      scummos_arrival_simple_fountains, layout_loops_ring, serial_shops,
          shop, minmay_misc_feat_columns
D:2:      cheibrodos_greedy_goblins, layout_rooms, ebering_ecumenical_altar_box,
          nicolae_figureground_sparkle, uniq_jessica, uniq_terence

Action                     || total
---------------------------++-------
  Melee: Unarmed           ||    52
         Kick              ||    11
         Constrict         ||    14
         Tentacles         ||     9
         Punch             ||     1
   Cast: Beastly Appendage ||    14
   Stab: Sleeping          ||     4
 Armour: Skin              ||     5
  Dodge: Dodged            ||    19
